Map: Apotheosis LE

Players

scplayeer - Winner!

  • Race: Protoss Protoss
  • League: Platinum
  • Spawn Location: 11:00

Fropez

  • Race: Protoss Protoss
  • League: Gold
  • Spawn Location: 5:00

VOD

Have the link to the VOD?

Description

Time

  • Played on: Nov. 8, 2016, 4:29 p.m.
  • Length: 10:05
Show
View Real Time Build Order
Export as new Build Order

scplayeer Protoss - Winner!

Build Orders: Oracle Opening 

Get SALT Encoding   

  12  0:01  Probe (Chrono Boost)  
  13  0:11  Probe (Chrono Boost)  
  14  0:21  Pylon  
  14  0:23  Probe (Chrono Boost)  
  15  0:30  Assimilator  
  15  0:41  Gateway  
  15  0:44  Probe (Chrono Boost)  
  16  0:54  Probe (Chrono Boost)  
  17  1:05  Probe (Chrono Boost)  
  17  1:08  Gateway  
  18  1:17  Probe (Chrono Boost)  
  19  1:30  Cybernetics Core  
  19  1:31  Probe (Chrono Boost)  
  20  1:43  Assimilator  
  20  1:47  Pylon  
  20  1:48  Probe (Chrono Boost)  
  21  1:58  Probe (Chrono Boost)  
  22  2:06  Adept (Chrono Boost)  
  26  2:10  Adept (Chrono Boost)  
  26  2:18  Probe  
  26  2:22  Stargate  
  27  2:23  Pylon  
  27  2:30  Probe  
  28  2:53  Nexus  
  28  3:04  Probe  
  28  3:05  Oracle (Chrono Boost)  
  29  3:10  Warp Gate (Chrono Boost)  
  32  3:17  Mothership Core (Chrono Boost)  
  32  3:37  Probe (Chrono Boost)  
  33  3:41  Oracle (Chrono Boost)  
  36  3:52  Probe  
  37  3:56  Assimilator  
  37  3:58  Assimilator  
  37  4:09  Probe  
  37  4:10  Probe  
  39  4:17  Pylon  
  39  4:19  Probe  
  40  4:25  Probe  
  40  4:30  Probe  
  39  4:37  Probe  
  41  4:40  Probe, Robotics Facility x2  
  42  4:50  Gateway  
  42  4:51  Gateway  
  42  4:52  Probe  
  43  4:58  Probe  
  44  5:09  Probe  
  44  5:12  Probe  
  44  5:13  Twilight Council  
  46  5:32  Immortal (Chrono Boost)  
  46  5:35  Immortal (Chrono Boost)  
  56  5:42  Resonating Glaives (Chrono Boost), Void Ray (Chrono Boost)  
  58  5:55  Pylon, Probe  
  59  5:59  Pylon  
  59  6:00  Probe  
  60  6:08  Probe  
  61  6:18  Immortal (Chrono Boost)  
  62  6:21  Immortal (Chrono Boost)  
  66  6:38  Probe  
  71  6:40  Void Ray (Chrono Boost)  
  71  6:49  Pylon  
  71  6:55  Stalker x3  
  71  6:57  Observer  
  71  7:01  Pylon  
  78  7:16  Pylon, Stalker  
  78  7:18  Stalker  
  78  7:19  Stalker  
  78  7:20  Stalker  
  86  7:42  Gateway  
  86  7:47  Observer  
  86  7:50  Gateway x2, Stalker  
  86  7:51  Blink, Stalker  
  91  7:52  Stalker  
  91  7:55  Stalker  
  95  8:17  Stalker x2  
  95  8:18  Stalker  
  101  8:29  Pylon  
  101  8:34  Pylon  
  97  8:57  Stalker x4  
  100  9:07  Probe x2  
  101  9:13  Stalker x2  
  101  9:14  Stalker  
  107  9:19  Probe x2  
  109  9:31  Probe  
  108  9:53  Stalker x2  
  108  9:55  Stalker x3  
  108  9:56  Stalker  
Show
View Real Time Build Order
Export as new Build Order

Fropez Protoss 

Build Orders: Nexus First 

Get SALT Encoding   

  12  0:02  Probe (Chrono Boost)  
  13  0:13  Probe (Chrono Boost)  
  14  0:19  Pylon  
  14  0:39  Probe (Chrono Boost)  
  15  0:57  Nexus  
  15  1:06  Pylon, Probe (Chrono Boost)  
  16  1:19  Probe (Chrono Boost), Gateway  
  17  1:30  Probe (Chrono Boost)  
  18  1:40  Probe (Chrono Boost)  
  18  1:42  Assimilator  
  19  1:51  Probe (Chrono Boost)  
  20  2:00  Pylon  
  20  2:02  Probe (Chrono Boost)  
  21  2:13  Pylon  
  21  2:18  Forge  
  21  2:23  Cybernetics Core  
  21  2:28  Pylon  
  21  2:32  Probe (Chrono Boost)  
  21  2:33  Probe (Chrono Boost)  
  22  2:45  Probe x2 (Chrono Boost)  
  22  2:49  Assimilator  
  24  2:58  Gateway  
  24  3:05  Photon Cannon  
  24  3:09  Mothership Core (Chrono Boost)  
  24  3:12  Probe (Chrono Boost)  
  27  3:22  Probe (Chrono Boost)  
  24  3:36  Probe (Chrono Boost)  
  24  3:38  Adept  
  24  3:39  Probe (Chrono Boost)  
  28  3:41  Warp Gate  
  28  3:44  Adept  
  28  3:47  Probe (Chrono Boost)  
  31  3:51  Gateway  
  31  4:00  Twilight Council, Probe (Chrono Boost)  
  31  4:11  Stalker  
  30  4:25  Probe (Chrono Boost)  
  30  4:26  Photon Cannon  
  26  4:32  Probe (Chrono Boost)  
  27  4:42  Resonating Glaives (Chrono Boost)  
  28  4:45  Probe (Chrono Boost)  
  28  4:46  Probe (Chrono Boost)  
  28  4:50  Protoss Ground Weapons Level 1 (Chrono Boost)  
  29  4:53  Stalker  
  29  4:57  Probe  
  32  5:03  Probe  
  33  5:07  Stalker  
  35  5:17  Probe  
  35  5:18  Probe  
  31  5:36  Probe x2  
  31  5:39  Photon Cannon  
  33  5:46  Pylon  
  33  5:48  Probe x2  
  35  5:59  Gateway  
  35  6:00  Probe  
  35  6:01  Stalker  
  35  6:04  Probe  
  39  6:09  Photon Cannon  
  39  6:10  Assimilator  
  39  6:13  Assimilator  
  39  6:24  Probe  
  39  6:25  Probe  
  41  6:30  Blink (Chrono Boost)  
  41  6:36  Probe  
  41  6:37  Probe  
  43  6:42  Pylon  
  43  6:48  Probe  
  43  6:49  Probe  
  43  6:52  Nexus  
  45  6:58  Protoss Ground Weapons Level 2 (Chrono Boost)  
  45  7:00  Probe  
  46  7:01  Probe  
  47  7:12  Probe  
  48  7:27  Probe  
  48  7:28  Probe  
  48  7:29  Pylon  
  50  7:31  Adept x2  
  50  7:32  Adept x2  
  50  7:34  Pylon  
  58  7:39  Probe  
  58  7:43  Probe  
  60  7:56  Pylon  
  60  8:08  Pylon  
  60  8:09  Probe  
  60  8:11  Pylon  
  61  8:17  Pylon  
  61  8:21  Adept x4, Gateway  
  61  8:25  Gateway  
  61  8:26  Gateway  
  69  8:27  Probe  
  69  8:28  Probe x2  
  69  8:33  Assimilator  
  72  8:40  Probe  
  65  8:42  Stalker x3  
  49  9:05  Stalker  
  49  9:06  Stalker x3  
  49  9:07  Mothership Core  
  49  9:09  Probe  
  55  9:10  Probe  
  55  9:16  Pylon  
  55  9:17  Pylon, Photon Cannon  
  55  9:20  Probe  
  56  9:32  Pylon  
  56  9:34  Dark Shrine  
  56  9:38  Photon Cannon, Stalker  
  58  9:42  Gateway  
  56  9:47  Adept x3  
Tags
 
Add a new tag
Caveats
  • Supply blocks, unpowered buildings, or Contaminate may cause inaccurate times.
  • Supply counts are checked every 10 seconds.